 Dungeon Crawl Stone Soup version 0.28-a0-834-g1a73be5ee4 (webtiles) character file.

Game seed: 16910110666863640991

1244 emperorscorpion the Insei (level 8, -6/55 HPs)
             Began as a Djinni Transmuter on Nov 11, 2021.
             Mangled by a two-headed ogre (17 damage)
             ... on level 5 of the Dungeon.
             The game lasted 00:14:14 (4554 turns).

emperorscorpion the Insei (Djinni Transmuter)       Turns: 4554, Time: 00:14:15

Health: -6/55      AC:  2    Str:  9    XL:     8   Next: 79%
Gold:   35         EV: 23    Int: 15    God:
                   SH:  0    Dex: 21

rFire   . . .      SeeInvis .     - Unarmed
rCold   . . .      Faith    .   (shield currently unavailable)
rNeg    . . .      Spirit   .   (armour currently unavailable)
rPois   ∞          Reflect  .   (helmet currently unavailable)
rElec   .          Harm     .   (cloak currently unavailable)
rCorr   .          Rampage  .   (gloves currently unavailable)
Will    .....                   (boots unavailable)
Stlth   ++........              (no amulet)
HPRegen 0.18/turn               (no ring)
MPRegen 0.00/turn               (no ring)

@: spider-form (expiring), flying
A: venomous fangs, flying, sickness immunity, tiny, (fire resistance 2), (cold
vulnerability 1), float, innate caster, hp casting, extra vitality 1
a: End Transformation


You were on level 5 of the Dungeon.
You were a venomous arachnid creature.
You visited 1 branch of the dungeon, and saw 5 of its levels.

You collected 123 gold pieces.
You spent 88 gold pieces at shops.

Inventory:

Armour
 a - a +0 robe (melded)
 c - a +0 pair of gloves (melded)
 d - a +0 ring mail
Potions
 b - a potion of cancellation
 e - a potion of might
 f - a potion of heal wounds
 g - 3 potions of curing
 j - a potion of magic {unknown}


   Skills:
 + Level 2.5 Fighting
 + Level 5.0 Dodging
 + Level 1.9 Stealth
 + Level 7.5 Unarmed Combat
 + Level 3.8 Spellcasting


You couldn't memorise any spells.
You knew the following spells:

 Your Spells              Type           Power      Damage    Failure   Level
a - Shock                 Conj/Air       56%        1d6       12%         1
b - Wereblood             Tmut           14%        N/A       17%         2
c - Spider Form           Tmut/Pois      14%        N/A       28%         3
d - Ice Form              Ice/Tmut       14%        N/A       58%         4
e - Beastly Appendage     Tmut           28%        N/A       12%         1
f - Corpse Rot            Necr/Air       28%        N/A       17%         2
g - Summon Guardian Gole  Hex/Summ       14%        N/A       28%         3
Your spell library was empty.

Dungeon Overview and Level Annotations

Branches:
Dungeon (5/15)
 Temple: D:4-7

Altars:

Shops:
D:4 *!


Innate Abilities, Weirdness & Mutations

You are a venomous arachnid creature.
You have poisonous fangs.
You are tiny and dextrous.
You are flying.
Your spellcasting is less reliable in this form.
Your armour is entirely melded.
You are incapable of wielding weapons or throwing items.
You are immune to sickness and miasma.
You are immune to poison.
((Your flesh is very heat resistant. (rF++)))
((You are vulnerable to cold. (rC-)))
You float through the air rather than walking.
You learn spells naturally, not from books.
Your magical power is your life essence.
You have superior vitality. (+4 HP)


Message History

The two-headed ogre is lightly wounded.
Casting: Shock (safe; 12% risk of failure)
Confirm with . or Enter, or press ? or * to list all spells.
Aiming: Shock (safe; 12% risk of failure)
Press: ? - help, Shift-Dir - straight line, f/p - two-headed ogre
Aim: a two-headed ogre, wielding a +0 giant spiked club and a +0 giant club (lightly wounded, 86% to hit)
The zap hits the two-headed ogre.
The two-headed ogre is lightly wounded.
Casting: Shock (safe; 12% risk of failure)
Confirm with . or Enter, or press ? or * to list all spells.
Aiming: Shock (safe; 12% risk of failure)
Press: ? - help, Shift-Dir - straight line, f/p - two-headed ogre
Aim: a two-headed ogre, wielding a +0 giant spiked club and a +0 giant club (lightly wounded, 86% to hit)
The zap hits the two-headed ogre.
The two-headed ogre is lightly wounded.
Casting: Shock (safe; 12% risk of failure)
Confirm with . or Enter, or press ? or * to list all spells.
You extend your transformation's duration.
Unknown command.
You bite the two-headed ogre!
The two-headed ogre is poisoned.
The two-headed ogre is moderately wounded.
The two-headed ogre barely misses you. The two-headed ogre closely misses you.
You hit the two-headed ogre.
The two-headed ogre looks as sick as possible!
The two-headed ogre is moderately wounded.
The two-headed ogre completely misses you. x2
Found a runed bronze wand and a scroll labelled SAFINA WORAALARPHI.
Found a long sword.
You bite the two-headed ogre!
The two-headed ogre looks as sick as possible!
The two-headed ogre is severely wounded.
The two-headed ogre barely misses you.
The two-headed ogre completely misses you.
You hit the two-headed ogre.
The two-headed ogre is almost dead.
Your transformation is almost over.
The two-headed ogre hits you with a +0 giant spiked club!!
* * * LOW HITPOINT WARNING * * *
The two-headed ogre hits you with a +0 giant club!
You die...

#........## .....
#.........#...##.....
.........<†..!........
#....##..[............
..... #...>...........
...#..................
...##...##............
........>.............
.............s....)..
.............O.......
...........?....#....
#.............# ...
.##...<.......## .
.......)........#
.##.#....†.....## #.
#...........#
..................


You could see a two-headed ogre (very poisoned).

Vanquished Creatures
  Grinder (D:5)
  Sigmund (D:4)
  Eustachio (D:4)
  A black bear (D:5)
  An ogre (D:5)
  2 scorpions
  5 hounds
  A jelly (D:5)
  A bullfrog skeleton (D:5)
  2 iguanas
  A scorpion zombie (D:5)
  A hound skeleton (D:4)
  4 gnolls (D:4)
  5 adders
  An ufetubus (D:5)
  An adder zombie (D:5)
  2 worms
  A dart slug (D:2)
  An orc (D:4)
  7 bats
  5 endoplasms
  5 giant cockroaches
  5 hobgoblins
  7 jackals (D:1)
  4 kobolds
  4 quokkas
  8 ball pythons
  5 frilled lizards
  6 goblins
  8 rats
97 creatures vanquished.

Notes
Turn   | Place    | Note
-------+----------+-------------------------------------------
     0 | D:1      | emperorscorpion the Djinni Transmuter began the quest for
                  | the Orb.
     0 | D:1      | Reached XP level 1. HP: 17/17 MP: 0/0
   258 | D:1      | Reached XP level 2. HP: 16/22 MP: 0/0
   805 | D:1      | Reached XP level 3. HP: 26/27 MP: 0/0
   805 | D:1      | Learned a level 1 spell: Shock
  1449 | D:2      | HP: 1/27 [adder (4)]
  1489 | D:2      | Reached XP level 4. HP: 32/32 MP: 0/0
  2182 | D:3      | Reached skill level 4 in Unarmed Combat
  2182 | D:3      | Reached XP level 5. HP: 22/37 MP: 0/0
  2182 | D:3      | Learned a level 2 spell: Corpse Rot
  2740 | D:3      | Reached XP level 6. HP: 40/42 MP: 0/0
  3396 | D:4      | Noticed Sigmund
  3548 | D:4      | Reached skill level 5 in Unarmed Combat
  3597 | D:4      | Killed Sigmund
  3598 | D:4      | Reached skill level 1 in Stealth
  3598 | D:4      | Reached XP level 7. HP: 32/49 MP: 0/0
  3598 | D:4      | Learned a level 3 spell: Summon Guardian Golem
  3830 | D:4      | Found Peschi's Distillery.
  3834 | D:4      | Bought a potion of heal wounds for 55 gold pieces
  3834 | D:4      | Bought a potion of curing for 33 gold pieces
  3879 | D:4      | Found Igimaxio's Serpentskin Sales.
  3975 | D:4      | Noticed a two-headed ogre
  4105 | D:5      | Entered Level 5 of the Dungeon
  4105 | D:5      | Noticed Eustachio
  4137 | D:4      | Killed Eustachio
  4138 | D:4      | Reached skill level 6 in Unarmed Combat
  4149 | D:5      | Reached XP level 8. HP: 19/55 MP: 0/0
  4388 | D:5      | Noticed Grinder
  4406 | D:5      | Paralysed by Grinder for 6 turns
  4416 | D:5      | Killed Grinder
  4417 | D:5      | Reached skill level 7 in Unarmed Combat
  4511 | D:5      | Reached skill level 5 in Dodging
  4554 | D:5      | Mangled by a two-headed ogre

Illustrated notes

Levels and vault maps discovered:
D:1:      minmay_arrival_glassed_features, layout_basic, nrook_campfire
D:2:      layout_rooms
D:3:      layout_loops_ring, kennysheep_generic_room_16
D:4:      layout_basic, serial_shops, shop, guppyfry_shop_venom, uniq_sigmund
D:5:      layout_cave_pools, uniq_prince_ribbit1, uniq_grinder, uniq_eustachio

Skill      XL: |  1  2  3  4  5  6  7  8 |
---------------+-------------------------+-----
Spellcasting   | 2 3 |  3.8
Dodging        | 3 4 5 |  5.0
Unarmed Combat | 4 5 6 7 |  7.5
Fighting       | 2 |  2.5
Stealth        | 1 |  1.9

Action                   |  1- 3 |  4- 6 |  7- 9 || total
-------------------------+-------+-------+-------++-------
Melee: Unarmed           |   106 |   112 |    93 ||   311
       Headbutt          |     8 |       |       ||     8
       Punch             |     2 |       |       ||     2
 Cast: Beastly Appendage |    17 |     1 |       ||    18
       Wereblood         |     4 |       |     2 ||     6
       Spider Form       |       |    13 |    12 ||    25
       Shock             |       |     8 |     4 ||    12
  Use: Scroll            |     1 |     5 |     1 ||     7
       Potion            |     5 |     2 |     1 ||     8
 Stab: Sleeping          |     1 |       |     1 ||     2
Armor: Robe              |    16 |    14 |     3 ||    33
       Skin              |     5 |     4 |     1 ||    10
Dodge: Dodged            |    65 |    82 |   102 ||   249

Table legend: (Time is in decaauts)
 A = Elapsed time spent in this place.
 B = Non-inter-level travel time spent in this place.
 C = Inter-level travel time spent in this place.
 D = Time resting spent in this place.
 E = Time spent auto-exploring this place.
 F = Levels seen in this place.
 G = Mean time per level.
                   A        B        C        D        E       F      G
               +--------+--------+--------+--------+--------+-----+--------+
         Total |   4523 |   4171 |    352 |     52 |   3284 |   5 |  904.6 |
       Dungeon |   4523 |   4171 |    352 |     52 |   3284 |   5 |  904.6 |
               +--------+--------+--------+--------+--------+-----+--------+

Top non-repeatable levels by time:
     D:1: 1412 daAuts
     D:4: 1210 daAuts
     D:3: 1159 daAuts
     D:2: 616 daAuts
     D:5: 125 daAuts
